Map: 2000 Atmospheres LE

Players

Trap - Winner!

  • Race: Protoss Protoss

DPGDark (Dark)

  • Race: Zerg Zerg
  • League: Master

Event: DreamHack SC2 Masters 2021 Fall

VOD

Have the link to the VOD?

Description

Time

  • Played on: Sept. 11, 2021, 2:10 p.m.
  • Length: 19:34

All games in this series

Show
View Real Time Build Order
Export as new Build Order

Trap Protoss - Winner!

Build Orders: 1 Gate Expand, Oracle Opening, Carriers 

Get SALT Encoding   

  12  0:00  Probe  
  13  0:13  Pylon  
  13  0:17  Probe (Chrono Boost)  
  14  0:26  Probe (Chrono Boost)  
  15  0:31  Probe (Chrono Boost)  
  16  0:40  Gateway  
  16  0:43  Probe  
  16  0:47  Assimilator  
  17  0:55  Probe  
  18  1:07  Probe  
  19  1:19  Probe  
  19  1:24  Nexus  
  20  1:35  Cybernetics Core  
  20  1:37  Probe  
  21  1:43  Assimilator  
  21  1:49  Probe  
  21  1:52  Pylon  
  22  2:01  Probe (Chrono Boost)  
  23  2:11  Adept  
  23  2:13  Probe (Chrono Boost)  
  26  2:17  Stargate  
  26  2:21  Probe (Chrono Boost)  
  27  2:26  Warp Gate  
  27  2:29  Probe (Chrono Boost)  
  28  2:36  Probe (Chrono Boost)  
  29  2:41  Adept  
  32  2:45  Probe x2 (Chrono Boost)  
  32  2:51  Probe x2  
  33  2:52  Void Ray (Chrono Boost)  
  35  3:03  Probe x2  
  41  3:11  Pylon, Adept  
  43  3:15  Probe  
  43  3:16  Probe  
  45  3:24  Gateway  
  45  3:28  Oracle (Chrono Boost)  
  45  3:29  Probe x2  
  51  3:41  Probe x2  
  52  3:49  Pylon  
  52  3:56  Nexus, Probe x2  
  54  4:05  Assimilator  
  54  4:06  Assimilator  
  54  4:08  Probe  
  54  4:09  Probe  
  56  4:14  Shield Battery  
  56  4:18  Stargate  
  56  4:20  Probe  
  56  4:21  Protoss Air Weapons Level 1, Probe  
  58  4:32  Forge  
  58  4:33  Probe x2  
  58  4:36  Pylon  
  60  4:42  Pylon  
  60  4:45  Probe x2  
  61  4:46  Void Ray (Chrono Boost)  
  62  4:54  Void Ray (Chrono Boost)  
  62  4:58  Probe x2 (Chrono Boost)  
  68  5:02  Shield Battery  
  72  5:08  Probe (Chrono Boost)  
  72  5:09  Shield Battery  
  75  5:15  Probe x2 (Chrono Boost)  
  75  5:16  Void Ray (Chrono Boost)  
  75  5:18  Probe (Chrono Boost)  
  76  5:22  Probe x2 (Chrono Boost)  
  76  5:23  Probe (Chrono Boost)  
  76  5:24  Void Ray (Chrono Boost)  
  83  5:34  Pylon, Probe x3  
  90  5:37  Twilight Council  
  90  5:40  Assimilator  
  90  5:41  Assimilator, Pylon  
  90  5:46  Probe x3  
  93  5:56  Shield Battery, Gateway  
  93  5:57  Void Ray (Chrono Boost)  
  93  5:58  Shield Battery, Gateway  
  93  6:01  Void Ray (Chrono Boost)  
  97  6:09  Photon Cannon  
  97  6:11  Photon Cannon  
  101  6:17  Photon Cannon  
  101  6:18  Photon Cannon  
  101  6:23  Charge (Chrono Boost), Photon Cannon  
  101  6:24  Shield Battery  
  101  6:27  Void Ray (Chrono Boost)  
  101  6:34  Pylon  
  101  6:38  Zealot x2  
  109  6:46  Void Ray  
  113  6:57  Pylon  
  113  6:58  Pylon  
  113  6:59  Templar Archives  
  113  7:00  Zealot x2  
  115  7:09  Void Ray  
  115  7:12  Zealot  
  117  7:18  Pylon  
  117  7:22  Pylon  
  118  7:25  Shield Battery  
  118  7:26  Shield Battery, Photon Cannon  
  118  7:27  Shield Battery, Zealot x3  
  124  7:31  Void Ray  
  128  7:44  Gateway  
  128  7:45  Assimilator  
  128  7:46  Gateway  
  128  7:48  Gateway  
  128  7:51  Robotics Facility  
  128  7:52  Protoss Ground Weapons Level 1 (Chrono Boost)  
  128  7:54  Zealot x3  
  134  8:09  Robotics Facility  
  134  8:13  Probe x3  
  137  8:21  Nexus  
  131  8:29  Pylon  
  131  8:32  Zealot x4  
  132  8:44  Robotics Bay  
  131  8:55  Immortal (Chrono Boost)  
  131  8:57  Observer (Chrono Boost)  
  131  8:58  Nexus  
  131  9:01  Fleet Beacon  
  136  9:03  Pylon  
  136  9:15  Gateway  
  136  9:16  Probe x3  
  139  9:17  Gateway  
  139  9:26  High Templar x4  
  139  9:27  High Templar x2  
  139  9:28  Disruptor x2 (Chrono Boost)  
  151  9:33  Archon x3  
  154  9:39  Photon Cannon  
  154  9:40  Photon Cannon  
  154  9:41  Photon Cannon  
  154  9:42  Shield Battery  
  154  9:45  Shield Battery  
  154  9:56  Disruptor (Chrono Boost)  
  157  10:01  Protoss Air Weapons Level 2 (Chrono Boost)  
  157  10:02  Pylon  
  157  10:04  Pylon  
  157  10:07  Flux Vanes  
  157  10:08  Disruptor (Chrono Boost)  
  157  10:10  Protoss Ground Weapons Level 2, Photon Cannon, Carrier  
  166  10:25  Probe x3  
  166  10:26  Probe  
  166  10:27  Assimilator  
  166  10:28  Warp Prism (Chrono Boost)  
  168  10:29  Assimilator  
  170  10:35  Disruptor (Chrono Boost)  
  170  10:37  Probe  
  174  10:43  Zealot x4  
  174  10:44  Zealot x2  
  186  11:00  Pylon  
  186  11:18  Disruptor x2  
  186  11:27  Carrier x2 (Chrono Boost)  
  186  11:32  Stargate x2  
  196  11:38  Gravitic Boosters  
  196  11:41  Cybernetics Core  
  196  11:47  Photon Cannon  
  196  11:48  Pylon  
  196  11:54  Nexus  
  184  12:14  Observer  
  184  12:23  Carrier x2 (Chrono Boost)  
  184  12:24  Stalker x2  
  184  12:29  Pylon  
  200  12:32  Protoss Air Weapons Level 3 (Chrono Boost)  
  195  12:37  Stalker  
  195  12:38  Stalker x2, Dark Shrine  
  195  12:43  Gateway  
  197  12:45  Gateway  
  179  13:13  Photon Cannon  
  179  13:14  Probe x4  
  179  13:15  Photon Cannon, Probe  
  179  13:16  Photon Cannon  
  184  13:20  Assimilator  
  184  13:25  Assimilator, Carrier x2 (Chrono Boost)  
  184  13:26  Probe x4  
  186  13:49  Probe x5  
  188  13:58  Photon Cannon  
  188  14:00  Photon Cannon  
  188  14:01  Probe  
  171  14:11  Carrier x2 (Chrono Boost)  
  171  14:13  Protoss Ground Weapons Level 3 (Chrono Boost)  
  171  14:16  Stalker x3  
  171  14:17  Stalker x2  
  193  14:26  Observer  
  193  14:30  Oracle  
  195  14:36  Protoss Air Armor Level 1 (Chrono Boost)  
  195  14:55  Stalker  
  195  14:58  Pylon  
  186  15:08  Void Ray (Chrono Boost)  
  186  15:10  Void Ray x2 (Chrono Boost)  
  198  15:25  Blink  
  198  15:32  Photon Cannon  
  198  15:34  Photon Cannon  
  198  15:37  Photon Cannon  
  198  15:40  Nexus  
  198  16:05  Photon Cannon  
  198  16:07  Dark Templar  
  198  16:09  Photon Cannon  
  196  16:26  Void Ray x4 (Chrono Boost)  
  151  16:47  Mothership  
  157  16:55  Protoss Shields Level 1  
  157  17:00  Void Ray x2 (Chrono Boost), Zealot x3  
  157  17:01  Zealot x4  
  171  17:05  Void Ray x2 (Chrono Boost)  
  187  17:10  Pylon  
  187  17:13  Dark Templar  
  180  17:24  Observer  
  180  17:27  Void Ray x2 (Chrono Boost)  
  162  17:33  Void Ray (Chrono Boost)  
  148  17:46  Disruptor (Chrono Boost)  
  148  17:47  Disruptor (Chrono Boost)  
  154  17:54  High Templar x4  
  154  17:55  High Templar x2  
  154  17:57  High Templar  
  164  17:59  Archon x2  
  164  18:00  Archon  
  164  18:01  High Templar  
  164  18:02  High Templar x2  
  166  18:07  Archon x2  
  166  18:12  Disruptor (Chrono Boost)  
  165  18:15  Observer (Chrono Boost)  
  169  18:24  Photon Cannon  
  169  18:30  High Templar x2, Zealot x4  
  169  18:31  Zealot  
  183  18:34  Archon  
  183  18:35  Zealot x2  
  183  18:38  Observer  
  188  18:44  Disruptor  
  191  18:51  Photon Cannon  
  191  18:53  Photon Cannon  
  191  18:59  Zealot x3  
  195  19:09  Dark Templar  
Show
View Real Time Build Order
Export as new Build Order

DPGDark Zerg 

Build Orders: Hatch First 

Get SALT Encoding   

  12  0:00  Drone  
  13  0:12  Overlord  
  13  0:18  Drone  
  14  0:30  Drone x2  
  16  0:37  Drone  
  17  0:54  Hatchery  
  16  0:57  Drone  
  16  0:59  Drone  
  18  1:11  Extractor  
  17  1:15  Spawning Pool  
  16  1:18  Drone  
  16  1:19  Drone  
  18  1:29  Drone  
  19  1:38  Drone  
  20  1:48  Hatchery  
  19  1:54  Drone  
  20  2:04  Drone  
  20  2:06  Queen  
  23  2:10  Zergling x2  
  24  2:16  Drone  
  24  2:19  Metabolic Boost  
  25  2:25  Overlord  
  25  2:30  Drone  
  25  2:32  Drone  
  27  2:39  Drone  
  28  2:45  Queen  
  30  2:51  Queen  
  30  2:55  Drone  
  30  2:58  Drone x2  
  35  3:04  Queen  
  37  3:10  Overlord  
  37  3:11  Drone  
  38  3:13  Drone  
  38  3:16  Drone  
  38  3:18  Drone  
  41  3:26  Overlord  
  41  3:30  Drone x3  
  41  3:32  Overlord  
  44  3:34  Drone  
  45  3:44  Queen  
  45  3:45  Drone x2  
  45  3:47  Zergling x2  
  50  3:49  Spore Crawler  
  50  3:50  Zergling x4  
  50  3:53  Spore Crawler  
  50  3:58  Drone x3  
  50  4:00  Drone  
  50  4:01  Drone  
  55  4:03  Drone  
  55  4:06  Drone x2  
  58  4:14  Lair  
  58  4:23  Extractor, Drone, Overlord  
  58  4:25  Overlord  
  58  4:29  Overlord  
  58  4:34  Evolution Chamber  
  58  4:35  Drone  
  58  4:41  Drone x8  
  58  4:42  Overlord  
  58  4:45  Queen  
  68  4:49  Drone  
  68  4:51  Extractor  
  68  4:52  Extractor  
  65  4:57  Drone x2, Roach Warren  
  65  4:58  Drone x3  
  67  5:03  Drone x4  
  67  5:05  Extractor  
  70  5:11  Spore Crawler, Extractor  
  66  5:23  Queen, Nydus Network  
  66  5:24  Queen  
  66  5:26  Drone x3  
  72  5:34  Queen  
  74  5:37  Roach x3  
  74  5:38  Roach  
  74  5:40  Roach  
  84  5:44  Roach  
  84  5:46  Roach  
  84  5:47  Roach  
  90  5:53  Overlord  
  90  5:55  Overlord  
  90  6:00  Nydus Canal  
  90  6:01  Overlord  
  90  6:09  Overlord x3  
  89  6:13  Ravager x7  
  89  6:16  Zergling x2  
  89  6:18  Zergling x4  
  99  6:23  Nydus Canal, Zergling x6  
  102  6:28  Ravager  
  102  6:30  Zergling x4  
  102  6:31  Zergling x4  
  107  6:44  Zergling x2  
  107  6:45  Zergling x16  
  116  6:52  Queen  
  112  6:59  Zergling x14  
  114  7:14  Queen x2, Drone  
  116  7:22  Roach x3  
  120  7:26  Nydus Canal  
  120  7:27  Queen  
  122  7:33  Overlord x2  
  122  7:35  Roach  
  120  7:43  Drone x2  
  121  7:47  Drone x8  
  129  7:53  Infestation Pit  
  126  8:00  Drone x2  
  126  8:01  Drone x3  
  131  8:06  Drone x2  
  131  8:08  Zerg Missile Weapons Level 1  
  131  8:09  Evolution Chamber  
  132  8:13  Roach x2  
  132  8:14  Roach  
  137  8:20  Roach x3  
  137  8:25  Drone, Glial Reconstitution  
  143  8:30  Nydus Canal  
  141  8:36  Queen x2  
  144  8:43  Overlord  
  144  8:47  Overlord x3  
  143  8:49  Zerg Ground Armor Level 1  
  143  8:51  Overlord  
  143  8:55  Infestation Pit  
  137  8:58  Pathogen Glands  
  137  9:01  Roach x2  
  142  9:05  Drone x3  
  144  9:15  Drone x2  
  146  9:21  Infestor x4  
  154  9:26  Infestor x3  
  160  9:34  Hatchery, Infestor x2  
  163  9:42  Overlord  
  163  9:47  Roach x3  
  163  9:48  Roach  
  163  9:49  Drone x5  
  163  9:50  Ravager x4  
  179  9:59  Spore Crawler  
  178  10:00  Spore Crawler x2  
  178  10:02  Drone x3  
  178  10:05  Hive  
  179  10:08  Ravager x2  
  181  10:16  Zerg Missile Weapons Level 2  
  181  10:19  Roach x2  
  185  10:25  Extractor, Drone x2  
  185  10:26  Spire  
  185  10:27  Overlord  
  185  10:28  Extractor  
  185  10:33  Drone x3, Spine Crawler  
  185  10:34  Spore Crawler  
  185  10:35  Spore Crawler  
  184  10:36  Spore Crawler  
  184  10:39  Drone  
  184  10:46  Overlord  
  178  10:51  Ravager  
  178  10:55  Roach x5  
  189  10:58  Hatchery  
  189  11:01  Zerg Ground Armor Level 2  
  188  11:20  Roach x2  
  188  11:24  Viper  
  188  11:25  Viper  
  198  11:41  Greater Spire  
  195  12:03  Roach x7  
  195  12:08  Neural Parasite  
  196  12:29  Roach  
  200  12:30  Roach x2  
  200  12:35  Zergling x2  
  200  12:36  Overlord  
  195  12:42  Roach  
  188  13:04  Viper x2  
  192  13:09  Hatchery  
  192  13:11  Corruptor x4  
  199  13:19  Zerg Ground Armor Level 3, Zerg Missile Weapons Level 3, Zerg Flyer Weapons Level 1  
  199  13:20  Spire  
  198  13:28  Hatchery  
  191  13:42  Corruptor x4  
  191  13:46  Hatchery  
  191  13:48  Overlord  
  198  13:53  Brood Lord  
  192  14:11  Brood Lord x3  
  192  14:15  Lair  
  200  14:24  Drone x2  
  200  14:29  Drone x3  
  199  14:34  Drone  
  200  14:39  Spore Crawler x2  
  200  14:41  Spore Crawler  
  200  14:44  Spore Crawler  
  196  14:46  Spore Crawler, Brood Lord x2  
  196  14:47  Spore Crawler  
  196  14:49  Spore Crawler, Drone x2  
  199  15:06  Brood Lord x2  
  197  15:09  Drone x3  
  200  15:15  Extractor, Zerg Flyer Weapons Level 2  
  200  15:16  Extractor, Zerg Flyer Armor Level 1  
  200  15:17  Hive  
  198  15:31  Drone  
  198  15:32  Drone  
  200  15:36  Spore Crawler x2  
  200  15:37  Spore Crawler  
  200  15:39  Spore Crawler  
  200  15:40  Spore Crawler  
  195  15:42  Spine Crawler  
  195  15:46  Drone x3  
  197  15:52  Burrow  
  197  15:53  Drone x2  
  197  15:57  Zerg Melee Weapons Level 1, Spore Crawler x3  
  199  15:58  Corruptor x2  
  200  16:11  Spore Crawler  
  191  16:38  Corruptor x11  
  191  16:39  Corruptor x4  
  198  16:45  Corruptor x4  
  191  16:54  Drone x2  
  191  16:56  Drone x4  
  195  17:09  Brood Lord x2  
  199  17:19  Brood Lord  
  199  17:20  Brood Lord  
  179  17:43  Corruptor x6  
  172  18:00  Viper x3  
  172  18:03  Corruptor x2  
  183  18:13  Infestor x4  
  191  18:24  Drone  
  191  18:25  Hatchery  
  191  18:37  Corruptor x3  
  197  18:54  Corruptor  
  199  19:12  Overseer  

Tags
 
Add a new tag
Caveats
  • Supply blocks, unpowered buildings, or Contaminate may cause inaccurate times.
  • Supply counts are checked every 10 seconds.